 Dungeon Crawl Stone Soup version 0.29.1-1-gd02db6906a (webtiles) character file.

Game seed: 11186328035519743703

103 dave1331 the Chopper (level 4, -3/41 HPs)
             Began as a Hill Orc Fighter on Sept 30, 2022.
             Slain by Dowan
             ... wielding a +0 dagger
              (6 damage)
             ... on level 4 of the Dungeon on Oct 1, 2022.
             The game lasted 00:09:44 (1522 turns).

dave1331 the Chopper (Hill Orc Fighter)             Turns: 1522, Time: 00:09:45

Health: -3/41      AC:  9    Str: 20    XL:     4   Next: 79%
Magic:  4/4        EV:  7    Int:  8    God:
Gold:   53         SH:  5    Dex: 16    Spells: 3/3 levels left

rFire   . . .      SeeInvis .   a - +0 war axe
rCold   . . .      Faith    .   c - +0 buckler
rNeg    . . .      Spirit   .   o - +0 chain mail
rPois   .          Reflect  .   (no helmet)
rElec   .          Harm     .   (no cloak)
rCorr   .          Rampage  .   (no gloves)
Will    .....                   (no boots)
Stlth   ..........              (no amulet)
HPRegen 0.13/turn               l - +6 ring of dexterity
MPRegen 0.09/turn               (no ring)

@: silenced, studying Throwing
A: no striking features
a: no special abilities


You were on level 4 of the Dungeon.
You visited 1 branch of the dungeon, and saw 3 of its levels.

You collected 53 gold pieces.

Inventory:

Hand Weapons
 a - a +0 war axe (weapon)
Armour
 b - a +0 scale mail
 c - a +0 buckler (worn)
 o - a +0 chain mail (worn)
Jewellery
 l - a +6 ring of dexterity (left hand)
Wands
 e - a wand of light (5)
 m - a wand of flame (8)
Scrolls
 f - a scroll of poison
 g - a scroll of brand weapon {unknown}
Potions
 d - a potion of might
 h - a potion of degeneration {unknown}
 i - a potion of brilliance {unknown}
 j - 2 potions of heal wounds {unknown}
 k - a potion of curing {unknown}
 n - 2 potions of invisibility {unknown}


   Skills:
 + Level 4.4 Fighting
 + Level 4.5 Axes
 + Level 3.7 Armour
 + Level 0.4 Dodging
 + Level 0.2 Stealth
 + Level 3.7 Shields


You had 3 spell levels left.
You didn't know any spells.
Your spell library contained the following spells:

 Spells                   Type           Power      Damage    Failure   Level
 Apportation              Tloc           0%         N/A       99%         1
 Necrotise                Necr           0%         1d4       99%         1
 Summon Small Mammal      Summ           0%         N/A       99%         1
 Chain Lightning          Conj/Air       0%         N/A       100%        9
 Fire Storm               Conj/Fire      0%         5d1       100%        9
 Shatter                  Erth           0%         3d5*      100%        9


Dungeon Overview and Level Annotations

Branches:
Dungeon (4/15)
 Temple: D:4-7

Altars:

Annotations:
D:4 Dowan, Duvessa


Message History

You see here a scroll of silence.
As you read the scroll of silence, it crumbles to dust.
A profound silence engulfs you. Dowan casts a spell at you.
The puff of frost hits you. Duvessa hits you with a +0 rapier.
Dowan gestures at you while chanting. You resist with some effort.
You block Duvessa's attack.
You hit Duvessa.
Duvessa is lightly wounded.
Duvessa hits you with a +0 rapier!
You closely miss Duvessa.
Duvessa is lightly wounded.
Duvessa hits you but does no damage. Duvessa hits you with a +0 rapier!
You slash Duvessa!
Duvessa is heavily wounded.
Duvessa hits you with a +0 rapier!
* * * LOW HITPOINT WARNING * * *
You block Duvessa's attack. Duvessa hits you with a +0 rapier.
* * * LOW HITPOINT WARNING * * *
You slash Duvessa!
Duvessa is severely wounded.
You barely miss Dowan. Duvessa hits you but does no damage.
Dowan barely misses you. Duvessa hits you with a +0 rapier.
* * * LOW HITPOINT WARNING * * *
You completely miss Duvessa.
Duvessa is severely wounded.
You hit Dowan. Dowan hits you but does no damage. You block Duvessa's attack.
Dowan hits you with a +0 dagger.
* * * LOW HITPOINT WARNING * * *
You slash Duvessa!
Duvessa is almost dead.
You barely miss Dowan. Duvessa barely misses you. You block Duvessa's attack.
You block Dowan's attack.
You hit Duvessa but do no damage.
Duvessa is almost dead.
You hit Dowan. Duvessa hits you but does no damage. Duvessa barely misses you.
You block Dowan's attack. Dowan attacks as you move away!
Dowan hits you with a +0 dagger.
You die...

#........# #......
#........# #......
##.#####################
#..............#
#..............#
#..............#
#..............#
#......e.......#
#.....@e.......#
#.......)......#
#...............
#+#########..... .....
.... .## ####### ... ...
#.....###+## .........##
#........... ..........#


You could see Duvessa (fast) and Dowan.

Vanquished Creatures
  A hound (D:4)
  Natasha (D:4)
  A worm (D:2)
  An orc (D:4)
  7 ball pythons
  4 endoplasms
  2 goblins (D:1)
  2 hobgoblins
  10 jackals
  4 kobolds
  2 quokkas
  A bat (D:1)
  2 frilled lizards
  A rat (D:1)
39 creatures vanquished.

Notes
Turn   | Place    | Note
-------+----------+-------------------------------------------
     0 | D:1      | dave1331 the Hill Orc Fighter began the quest for the Orb.
     0 | D:1      | Reached XP level 1. HP: 19/19 MP: 1/1
    40 | D:1      | Reached XP level 2. HP: 12/27 MP: 2/2
   729 | D:2      | Reached XP level 3. HP: 33/33 MP: 3/3
   867 | D:2      | You fall into a shaft and drop 2 floors!
  1310 | D:4      | Noticed Natasha
  1317 | D:4      | Killed Natasha
  1318 | D:4      | Reached XP level 4. HP: 29/41 MP: 4/4
  1509 | D:4      | Noticed Duvessa
  1509 | D:4      | Noticed Dowan
  1519 | D:4      | HP: 2/41 [Dowan/+0 dagger (3)]
  1522 | D:4      | Slain by Dowan

Illustrated notes

Levels and vault maps discovered:
D:1:      amcnicky_arrival_single_pillar, layout_rooms, supply_closet_lemuel
D:2:      layout_basic, hellmonk_ecumenical_altar_pennies_from_heaven
D:4:      layout_basic, uniq_natasha, uniq_duvessa

Skill      XL: |  1  2  3 |
---------------+----------+-----
Fighting       | 4 |  4.4
Axes           | 3 4 |  4.5
Armour         | |  3.7
Dodging        | |  0.4
Stealth        | |  0.2
Shields        | |  3.7

Action                   |  1- 3 |  4- 6 || total
-------------------------+-------+-------++-------
Melee: War axe           |    87 |    22 ||   109
  Use: Scroll            |     5 |     1 ||     6
Armor: Scale mail        |    55 |     5 ||    60
       Chain mail        |       |     8 ||     8
Dodge: Dodged            |    49 |    10 ||    59
Block: Buckler           |    32 |    17 ||    49
